 Dungeon Crawl Stone Soup version 0.31-a0-277-g31ea1f65cc (webtiles) character file.

Game seed: 15097364245495385440

6495 Newt the Carver (level 10, -1/68 HPs)
             Began as a Demonspawn Gladiator on July 15, 2023.
             Was a Priest of Hepliaklqana.
             Slain by a yak (10 damage)
             ... on level 10 of the Dungeon.
             The game lasted 00:11:14 (7878 turns).

Newt the Carver (Demonspawn Gladiator)              Turns: 7878, Time: 00:11:14

Health: -1/68      AC: 17    Str: 25    XL:     10   Next: 68%
Magic:  21/21      EV: 15    Int: 13    God:    Hepliaklqana [***...]
Gold:   159        SH:  5    Dex: 13    Spells: 19/22 levels left

rFire   + + .        C - +5 great sword
rCold   x . .        (shield currently unavailable)
rNeg    + . .        s - +0 fire dragon scales
rPois   .            u - +2 helmet
rElec   .            D - +0 cloak
rCorr   .            F - +0 pair of gloves of Kaatt {rN+ Will+ Str+4}
SInv    +            f - +1 pair of boots
Will    +....        B - amulet of reflection
Stlth   +            j - ring of see invisible
HPRegen 1.31/turn    n - ring of wizardry
MPRegen 0.17/turn

%: reflection, wizardry (x1)
@: agile, slowed, very slow
A: reduced essence, hooves 1, powered by death 2, powered by pain 2, sharp
scales 2, clever 1, high MP 1, strong 1
a: Renounce Religion, Recall Ancestor, Ancestor Identity, Transference


You were on level 10 of the Dungeon.
You worshipped Hepliaklqana.
Hepliaklqana was most pleased with you.
You visited 2 branches of the dungeon, and saw 11 of its levels.

You collected 553 gold pieces.
You spent 394 gold pieces at shops.

Inventory:

Hand Weapons
 a - a +0 rapier
 i - a +1 dagger of venom
 m - a +2 falchion of electrocution
 C - a +5 great sword (weapon)
Missiles
 d - 2 throwing nets
 e - a javelin
 w - 20 poisoned darts
Armour
 b - a +0 leather armour
 c - a +0 helmet
 f - a +1 pair of boots (worn)
 s - +0 fire dragon scales (worn)
 u - a +2 helmet (worn)
 v - a +3 leather armour of poison resistance
 y - a +1 chain mail of cold resistance
 z - a +1 pair of gloves
 D - a +0 cloak (worn)
 F - the +0 pair of gloves of Kaatt (worn) {rN+ Will+ Str+4}
   (You found it on level 7 of the Dungeon)

   Str:       It affects your strength (+4).
   rN:        It protects you from negative energy.
   Will:      It increases your willpower.
Jewellery
 h - a ring of ice
 j - a ring of see invisible (left hand)
 n - a ring of wizardry (right hand)
 A - a ring of protection from fire
 B - an amulet of reflection (around neck)
 E - an amulet of guardian spirit
Wands
 G - a wand of charming (9)
 H - a wand of acid (11)
Scrolls
 l - a scroll of fog
 o - a scroll of fear
 t - 3 scrolls of teleportation
 L - 5 scrolls of identify
 M - a scroll of amnesia
 N - a scroll of immolation
Potions
 g - 3 potions of mutation
 k - a potion of haste
 p - 2 potions of attraction
 q - 3 potions of curing
 r - a potion of berserk rage
 x - a potion of invisibility
 I - 2 potions of degeneration
 J - a potion of might
 K - 3 potions of heal wounds


   Skills:
 - Level 6.0 Fighting
 - Level 5.1(7.6) Short Blades
 + Level 8.8(9.4) Long Blades
 - Level 1.7 Throwing
 - Level 2.6 Dodging
 - Level 3.0 Stealth
 - Level 6.6 Spellcasting
 - Level 6.6 Ice Magic


You had 19 spell levels left.
You knew the following spells:

 Your Spells              Type           Power      Damage    Failure   Level
a - Frozen Ramparts       Ice            42%        1d7       4%          3

Your spell library contained the following spells:

 Spells                   Type           Power      Damage    Failure   Level
 Sandblast                Erth           8%         2d5       19%         1
 Shock                    Conj/Air       16%        1d4       19%         1
 Slow                     Hex            16%        N/A       19%         1
 Passwall                 Tmut/Erth      3%         N/A       28%         2
 Static Discharge         Conj/Air       8%         2-3/arc   28%         2
 Confusing Touch          Hex            4%         N/A       47%         3
 Stone Arrow              Conj/Erth      8%         3d7       47%         3
 Swiftness                Air            4%         N/A       47%         3
 Vampiric Draining        Necr           4%         2d6       47%         3
 Metabolic Englaciation   Hex/Ice        6%         N/A       77%         5
 Airstrike                Air            2%         2d(1-17)  86%         4
 Animate Dead             Necr           4%         N/A       86%         4
 Petrify                  Tmut/Erth      4%         N/A       86%         4
 Summon Lightning Spire   Summ/Air       4%         N/A       86%         4
 Borgnjor's Vile Clutch   Necr/Erth      2%         N/A       99%         5
 Death Channel            Necr           2%         N/A       100%        6


Dungeon Overview and Level Annotations

Branches:
Dungeon (10/15)            Temple (1/1) D:4            Lair (0/5) D:9
    Orc: D:9-12

Altars:
Ashenzari
Cheibriados
Dithmenos
Fedhas
Gozag
Hepliaklqana
Kikubaaqudgha
Makhleb
Nemelex Xobeh
Okawaru
Qazlal
Ru
Sif Muna
Trog
Uskayaw
Vehumet
Wu Jian
Xom

Shops:
D:8 ?!?


Innate Abilities, Weirdness & Mutations

Your life essence is reduced to manifest your ancestor. (-10% HP)
You have large cloven feet.
You regenerate health from kills.
You sometimes gain power by taking damage.
You are mostly covered in razor-sharp scales. (AC +2, Slay +2)
Your mind is acute. (Int +4, Str/Dex -1)
You have an increased reservoir of magic. (+10% MP)
Your muscles are strong. (Str +4, Int/Dex -1)


Message History

The yak completely misses you.
The yak snorts and paws the ground.
The yak gores Servius but does no damage.
The wraith hits you. The wraith drains your vigour!
You feel as though you will be slow longer.
Servius hits the yak with a +0 flail!
The yak gores you but does no damage.
The yak gores Servius.
The wraith hits you.
* * * LOW HITPOINT WARNING * * *
The wraith drains your vigour!
You feel as though you will be slow longer.
The yak closely misses you. The wraith attacks as you move away!
The wraith hits you but does no damage.
The yak gores something.
The yak gores you.
* * * LOW HITPOINT WARNING * * *
Unknown command.
You slash the yak!
The yak is almost dead.
The yak gores you but does no damage. x2; Servius blocks something's attack.
Servius hits the yak with a +0 flail.
The yak dies!
Unknown command.
Something gores Servius.
Servius closely misses the yak.
The yak gores you!
* * * LOW HITPOINT WARNING * * *
You focus on the pain.
You feel agile all of a sudden.
Servius blocks something's attack.
Throw: 4 throwing nets
Press: ? - help, Shift-Dir - straight line, f - yak
Aim: a yak (ally target, 71% to hit)
You throw a throwing net.
The throwing net completely misses the yak.
Something gores Servius.
Servius is destroyed!
The yak closely misses you.
Throw: 3 throwing nets
Press: ? - help, Shift-Dir - straight line, f/p - yak
Aim: a yak (71% to hit)
You throw a throwing net. The throwing net barely misses the yak.
The yak gores you!
You die...

#.....# #.....# ##.####
#..## ##..# ########## #
###.#### #........# #
###......####........# #
#...........#........# #
#.#......##@#..Y...... #
##.#......##Y#†R......#
#####..#......##(Y........#
'.....##.....<####........#
########......# #........#
# ###.#### #........# #...#
#####.#### ####'####### ##
#..........#


You could see 2 yaks.

Vanquished Creatures
  A two-headed ogre (D:10)
  Pikel (D:7)
  Joseph (D:8)
  Maurice (D:9)
  Grinder (D:3)
  Sigmund (D:6)
  2 wyverns
  5 yaks
  2 water moccasins
  An ice beast (D:6)
  An orc warrior (D:5)
  2 black bears
  A sky beast (D:7)
  7 bullfrogs
  A gnoll sergeant (D:9)
  4 scorpions
  5 wights (D:6)
  A jelly (D:4)
  Crazy Yiuf (D:6)
  4 orc priests
  2 gnoll boudas
  4 hounds
  An iguana (D:4)
  A sleepcap (D:5)
  Natasha (twice) (D:2)
  4 orc wizards
  Robin (D:2)
  14 gnolls
  10 adders
  2 shadow imps (D:7)
  2 worms
  4 dart slugs
  28 orcs
  9 ball pythons
  8 bats
  3 endoplasms
  5 giant cockroaches
  18 goblins
  7 hobgoblins
  2 jackals (D:3)
  12 kobolds
  4 quokkas
  3 frilled lizards (D:2)
  5 rats
194 creatures vanquished.

Vanquished Creatures (collateral kills)
  A yak (D:10)
  A sky beast (D:7)
  2 orc warriors
  A black bear (D:6)
  A centaur (D:9)
  A kobold brigand (D:8)
  A jelly (D:6)
  An orc priest (D:6)
  An iguana (D:7)
  An orc wizard (D:6)
  2 gnolls (D:9)
  An adder (D:6)
  A white imp (D:6)
  3 orcs
18 creatures vanquished.

Vanquished Creatures (others)
  A knight (D:10)
1 creature vanquished.

Grand Total: 213 creatures vanquished

Notes
Turn   | Place    | Note
-------+----------+-------------------------------------------
     0 | D:1      | Newt the Demonspawn Gladiator began the quest for the Orb.
     0 | D:1      | Reached XP level 1. HP: 16/16 MP: 1/1
    51 | D:1      | Gained mutation: You are partially covered in razor-sharp
                  | scales. (AC +1, Slay +1) [demonic ancestry]
    51 | D:1      | Reached XP level 2. HP: 22/23 MP: 2/2
   732 | D:2      | Gained mutation: You are mostly covered in razor-sharp
                  | scales. (AC +2, Slay +2) [demonic ancestry]
   732 | D:2      | Reached XP level 3. HP: 29/29 MP: 3/3
   935 | D:2      | Gained mutation: Your mind is acute. (Int +4, Str/Dex -1)
                  | [potion of mutation]
   935 | D:2      | Gained mutation: Your muscles are strong. (Str +4, Int/Dex
                  | -1) [potion of mutation]
   935 | D:2      | Gained mutation: You have an increased reservoir of magic.
                  | (+10% MP) [potion of mutation]
   989 | D:2      | Noticed Robin
  1014 | D:2      | Noticed Natasha
  1105 | D:2      | HP: 1/30 [Robin/+0 mace (5)]
  1112 | D:2      | Killed Robin
  1113 | D:2      | Reached skill level 1 in Stealth
  1138 | D:2      | Gained mutation: You regenerate a little health from kills.
                  | [demonic ancestry]
  1138 | D:2      | Reached XP level 4. HP: 26/37 MP: 4/4
  1162 | D:2      | Killed Natasha
  1365 | D:2      | Found a faded altar of an unknown god.
  1655 | D:2      | Noticed Natasha
  1661 | D:2      | Killed Natasha
  1729 | D:3      | Gained mutation: You regenerate health from kills. [demonic
                  | ancestry]
  1729 | D:3      | Reached XP level 5. HP: 42/42 MP: 5/5
  1733 | D:3      | Reached skill level 1 in Long Blades
  1798 | D:3      | Noticed Grinder
  1807 | D:3      | Paralysed by Grinder for 2 turns
  1814 | D:3      | Killed Grinder
  1815 | D:3      | Reached skill level 3 in Long Blades
  1815 | D:3      | Gained mutation: You sometimes gain a little power by
                  | taking damage. [demonic ancestry]
  1815 | D:3      | Reached XP level 6. HP: 17/48 MP: 6/6
  1841 | D:3      | Reached skill level 4 in Long Blades
  2455 | D:4      | Noticed a water moccasin
  2468 | D:4      | Killed a water moccasin
  2575 | D:4      | Gained mutation: You have large cloven feet. [demonic
                  | ancestry]
  2575 | D:4      | Reached XP level 7. HP: 50/55 MP: 7/7
  2796 | D:4      | Reached skill level 5 in Fighting
  2929 | D:4      | Found an ornate altar of the Wu Jian Council.
  3147 | D:4      | Found a staircase to the Ecumenical Temple.
  3502 | Temple   | Entered the Ecumenical Temple
  3693 | Temple   | Became a worshipper of Hepliaklqana the Forgotten
  3901 | D:5      | Entered Level 5 of the Dungeon
  4422 | D:5      | Reached XP level 8. HP: 64/64 MP: 8/8
  4426 | D:5      | Learned a level 3 spell: Frozen Ramparts
  4493 | D:5      | Reached skill level 5 in Short Blades
  4543 | D:5      | Reached skill level 1 in Spellcasting
  4543 | D:5      | Reached skill level 1 in Ice Magic
  4684 | D:5      | Reached * piety under Hepliaklqana
  4935 | D:6      | Found a runed translucent door.
  4936 | D:6      | Noticed Crazy Yiuf
  5082 | D:6      | Noticed Sigmund
  5097 | D:6      | Killed Sigmund
  5098 | D:6      | Gained mutation: You sometimes gain power by taking damage.
                  | [demonic ancestry]
  5098 | D:6      | Reached XP level 9. HP: 52/62 MP: 14/16
  5555 | D:6      | Killed Crazy Yiuf
  5556 | D:6      | Reached skill level 5 in Spellcasting
  5621 | D:7      | Reached skill level 5 in Ice Magic
  5690 | D:7      | Identified the +0 pair of gloves of Kaatt {rN+ Will+ Str+4}
  5810 | D:7      | Noticed Pikel
  5822 | D:7      | Killed Pikel
  5938 | D:7      | Reached ** piety under Hepliaklqana
  5939 | D:7      | Remembered your ancestor Servius as a knight
  6313 | D:8      | Reached skill level 5 in Long Blades
  6313 | D:8      | Reached XP level 10. HP: 68/68 MP: 21/21
  6321 | D:8      | Found Niofaz's Distillery.
  6329 | D:8      | Bought a potion of degeneration for 12 gold pieces
  6329 | D:8      | Bought a potion of might for 48 gold pieces
  6329 | D:8      | Bought a potion of heal wounds for 60 gold pieces
  6329 | D:8      | Bought a potion of heal wounds for 60 gold pieces
  6330 | D:8      | Noticed Joseph
  6350 | D:8      | Killed Joseph
  6699 | D:8      | Found Ipudos's Magic Scroll Shop.
  6704 | D:8      | Bought a scroll of identify for 24 gold pieces
  6704 | D:8      | Bought a scroll of identify for 24 gold pieces
  6704 | D:8      | Bought a scroll of identify for 24 gold pieces
  6704 | D:8      | Bought a scroll of identify for 24 gold pieces
  6704 | D:8      | Bought a scroll of amnesia for 48 gold pieces
  6704 | D:8      | Bought a scroll of immolation for 48 gold pieces
  6863 | D:8      | Found Goistra's Magic Scroll Boutique.
  6868 | D:8      | Bought a scroll of identify for 22 gold pieces
  6975 | D:9      | Found a staircase to the Lair.
  6999 | D:9      | Found an opulent altar of Gozag.
  7009 | D:9      | Noticed Maurice
  7013 | D:9      | Reached skill level 6 in Long Blades
  7030 | D:9      | Killed Maurice
  7031 | D:9      | Reached skill level 7 in Long Blades
  7077 | D:9      | Reached *** piety under Hepliaklqana
  7610 | D:10     | Entered Level 10 of the Dungeon
  7732 | D:10     | Noticed a two-headed ogre
  7740 | D:10     | Killed a two-headed ogre
  7741 | D:10     | Reached skill level 8 in Long Blades
  7878 | D:10     | Slain by a yak

Illustrated notes

Levels and vault maps discovered:
D:1:      minmay_arrival_hallway, layout_basic
D:2:      layout_basic, hellmonk_ecumenical_altar_prayer_group, uniq_robin,
          uniq_natasha
D:3:      layout_loops_ring, minmay_misc_feat_diagonals, grunt_decor_one_mirror,
          uniq_grinder
D:4:      layout_layer_cave, nzn_wu_jian_contemplation,
          minmay_temple_entry_statues
D:5:      layout_rooms, minmay_misc_feat_tower, fountainhead,
          dreamdust_princess_bridge
D:6:      layout_cave_pools, chequers_garden, uniq_sigmund,
          uniq_crazy_yiuf_cottage
D:7:      layout_basic, nicolae_the_louvre, uniq_pikel
D:8:      layout_loops_cross, serial_shops, nicolae_shop_tiny_statue_garden,
          nicolae_shop_tiny_glass, shop, uniq_joseph
D:9:      layout_irregular_city, mainiacjoe_overflow_surrounded_room,
          lair_entry_dummy, uniq_maurice
D:10:     layout_roguey, lemuel_zombie_altar_yredelemnul, orc_0_dummy,
          minmay_hollow_rounded_squares
Temple:   compressed_dpeg_triangle_lava_temple

Skill      XL: |  1  2  3  4  5  6  7  8  9 10 |
---------------+-------------------------------+-----
Fighting       | 3 4 6 |  6.0
Stealth        | 1 3 |  3.0
Long Blades    | 3 4 5 8 |  8.8
Short Blades   | 4 5 |  5.1
Spellcasting   | 4 6 |  6.6
Ice Magic      | 4 6 |  6.6
Throwing       | |  1.7
Dodging        | |  2.6

Action                     |  1- 3 |  4- 6 |  7- 9 | 10-12 || total
---------------------------+-------+-------+-------+-------++-------
  Melee: Rapier            |    82 |       |       |       ||    82
         Punch             |     3 |       |     5 |       ||     8
         Dagger            |    36 |     9 |       |       ||    45
         Falchion          |       |    93 |   179 |       ||   272
         Great sword       |       |       |    78 |    79 ||   157
         Unarmed           |       |       |     4 |       ||     4
  Throw: Throwing net      |     1 |     3 |       |     2 ||     6
         Dart              |       |     3 |       |       ||     3
         Javelin           |       |       |     1 |       ||     1
   Cast: Frozen Ramparts   |       |       |     6 |     4 ||    10
 Invoke: Recall Ancestor   |       |       |     1 |       ||     1
         Ancestor Life: Kn |       |       |     1 |       ||     1
    Use: Scroll            |     3 |     1 |     8 |     2 ||    14
         Potion            |     2 |       |       |       ||     2
   Stab: Sleeping          |     1 |     1 |     1 |       ||     3
         Held in net/web   |       |     1 |       |       ||     1
         Distracted        |       |       |     1 |     1 ||     2
 Armour: Leather armour    |    75 |    44 |   111 |       ||   230
         Fire dragon scale |       |       |    41 |    69 ||   110
  Dodge: Dodged            |   100 |    59 |   186 |    56 ||   401
  Block: Other             |       |       |    38 |    30 ||    68
         Reflection        |       |       |     2 |     3 ||     5

Table legend: (Time is in decaauts)
 A = Elapsed time spent in this place.
 B = Non-inter-level travel time spent in this place.
 C = Inter-level travel time spent in this place.
 D = Time resting spent in this place.
 E = Time spent auto-exploring this place.
 F = Levels seen in this place.
 G = Mean time per level.
                   A        B        C        D        E       F      G
               +--------+--------+--------+--------+--------+-----+--------+
         Total |   7960 |   7463 |    497 |    880 |   5096 |  11 |  723.6 |
       Dungeon |   7752 |   7290 |    462 |    880 |   4935 |  10 |  775.2 |
        Temple |    207 |    173 |     34 |      0 |    161 |   1 |  207.0 |
               +--------+--------+--------+--------+--------+-----+--------+

Top non-repeatable levels by time:
     D:4: 1581 daAuts
     D:2: 1118 daAuts
     D:6: 760 daAuts
     D:9: 715 daAuts
     D:7: 709 daAuts
     D:5: 692 daAuts
     D:3: 682 daAuts
     D:8: 617 daAuts
     D:1: 594 daAuts
    D:10: 279 daAuts
  Temple: 207 daAuts
